 Dungeon Crawl Stone Soup version 0.25-a0-435-g4b9beb1024 (webtiles) character file.

Game seed: 8609729775311604401, levelgen mode: deterministic

0 Nattfarinn the Caller (level 1, -3/10 HPs)
             Began as a Tengu Summoner on Jan 26, 2020.
             Slain by a leopard gecko (4 damage)
             ... on level 1 of the Dungeon.
             The game lasted 00:00:34 (196 turns).

Nattfarinn the Caller (Tengu Summoner)               Turns: 196, Time: 00:00:34

Health: -3/10      AC:  2    Str:  8    XL:     1   Next: 10%
Magic:  2/4        EV: 12    Int: 15    God:
Gold:   0          SH:  0    Dex: 14    Spells: 3/4 levels left

rFire    . . .     SeeInvis .   d - +0 club
rCold    . . .     Gourm    .   (no shield)
rNeg     . . .     Faith    .   a - +0 robe
rPois    .         Spirit   .   (helmet restricted)
rElec    .         Reflect  .   (no cloak)
rCorr    .         Harm     .   (no gloves)
MR       .....                  (boots unavailable)
Stlth    ++........             (no amulet)
HPRegen  0.03/turn              (no ring)
MPRegen  0.09/turn              (no ring)

@: very slightly contaminated
A: beak, talons 3
a: no special abilities


You were on level 1 of the Dungeon.
You were not hungry.

You visited 1 branch of the dungeon, and saw 1 of its levels.

Inventory:

Hand Weapons
 d - a +0 club (weapon)
Armour
 a - a +0 robe (worn)
Scrolls
 e - a scroll of identify {unknown}
Potions
 b - a potion of flight {unknown}
Comestibles
 c - a ration
 f - 4 chunks of flesh


   Skills:
 * Level 0.0 Armour
 - Level 2.1 Dodging
 - Level 2.0 Stealth
 + Level 2.0 Spellcasting
 * Level 4.8 Summonings


You had 3 spell levels left.
You knew the following spells:

 Your Spells              Type           Power        Failure   Level  Hunger
a - Summon Small Mammal   Summ           ###.         3%          1    #......

Your spell library contained the following spells:

 Spells                   Type           Power        Failure   Level  Hunger
 Call Imp                 Summ           ###.....     4%          2    ###....
 Call Canine Familiar     Summ           ###.....     9%          3    ###....
 Summon Guardian Golem    Hex/Summ       #.......     24%         3    ###....
 Summon Ice Beast         Ice/Summ       #.......     63%         4    #####..
 Summon Lightning Spire   Summ/Air       #.......     63%         4    #####..


Dungeon Overview and Level Annotations

Branches:
Dungeon (1/15)

Altars:


Innate Abilities, Weirdness & Mutations

You have a beak for a mouth.
You have claws for feet.


Message History

Your bat completely misses the leopard gecko.
Your bat hits the leopard gecko. The bat misses you.
You hit the bat. Your kick misses the bat.
The bat is severely wounded.
The bat completely misses you.
Your bat completely misses the bat.
Your bat closely misses the bat.
The goblin barely misses you.
The leopard gecko hisses menacingly.
The leopard gecko misses you. The goblin hits you with a +0 dagger.
* * * LOW HITPOINT WARNING * * *
The bat barely misses you. The leopard gecko bites you.
* * * LOW HITPOINT WARNING * * *
Your bat closely misses the leopard gecko.
A stone appears from out of your range of vision.
The stone barely misses your bat.
The stone barely misses the leopard gecko.
The leopard gecko bites you but does no damage.
There is an escape hatch in the floor here.
Your bat closely misses the leopard gecko.
The leopard gecko bites you.
You die...

#.# #.# #.#
#.# #.###.#
#########.#..#
.......#....#
............#
#..(..g##
#..b.lb.####
#.....@....#
#.......##.#
##.....## ..
##...## ..
##.## # #.#
#.# #.# #(#


You could see a leopard gecko, a goblin, a bat and a friendly bat.

Vanquished Creatures (collateral kills)
  A hobgoblin (D:1)
1 creature vanquished.

Notes
Turn   | Place    | Note
-------+----------+-------------------------------------------
     0 | D:1      | Nattfarinn the Tengu Summoner began the quest for the Orb.
     0 | D:1      | Reached XP level 1. HP: 10/10 MP: 4/4
   196 | D:1      | Slain by a leopard gecko

Levels and vault maps discovered:
D:1:      shiori_shiawase, layout_loops_ring

Action                   || total
-------------------------++-------
Melee: Club              ||     2
       Unarmed           ||     1
       Kick              ||     1
 Cast: Summon Small Mamm ||     3
Armor: Robe              ||     4
Dodge: Dodged            ||    12

Table legend:
 A = Non-vault XP
 B = Vault XP
 C = Vault XP percentage of total XP
 D = Non-vault monster count
 E = Vault monster count
 F = Vault count percentage of total count
                 A         B        C        D         E       F
            +---------+---------+-------+---------+---------+-------
      Total |       1 |       0 |   0.0 |       1 |       0 |   0.0
            +---------+---------+-------+---------+---------+-------
        D:1 |       1 |       0 |   0.0 |       1 |       0 |   0.0
            +---------+---------+-------+---------+---------+-------
